 Dungeon Crawl Stone Soup version 0.24-a0-373-g39439d866b (webtiles) character file.

Game seed: 7420982769748668746

5575 Azzok the Cleaver (level 10, -10/56 HPs)
             Began as a Gargoyle Fighter on May 30, 2019.
             Was an Elder of Okawaru.
             Killed by divine providence
             ... invoked by a meliai
              (11 damage)
             ... on level 9 of the Dungeon.
             The game lasted 00:11:31 (9192 turns).

Azzok the Cleaver (Gargoyle Fighter)                Turns: 9192, Time: 00:11:32

Health: -10/56     AC: 26    Str: 28    XL:     10   Next: 72%
Magic:  16/17      EV:  8    Int:  9    God:    Okawaru [****..]
Gold:   512        SH: 11    Dex:  9    Spells: 9/9 levels left

rFire    + . .     SeeInvis .   a - +0 war axe
rCold    . . .     Gourm    .   c - +0 shield
rNeg     + . .     Faith    .   C - +1 plate armour
rPois    ∞         Spirit   .   (no helmet)
rElec    +         Reflect  .   y - +0 cloak (curse)
rCorr    .         Harm     .   u - +2 pair of gloves
MR       .....                  (no boots)
Stlth    ..........             h - amulet of rage
HPRegen  0.18/turn              k - ring of protection from fire
MPRegen  0.15/turn              (no ring)

@: mighty, heroism
A: negative energy resistance 1, electricity resistance, unbreathing,
petrification resistance, rot immunity, AC +7
a: Heroism, Renounce Religion, Evoke Berserk Rage


You were on level 9 of the Dungeon.
You worshipped Okawaru.
Okawaru was greatly pleased with you.
You were not hungry.

You visited 2 branches of the dungeon, and saw 11 of its levels.

You collected 523 gold pieces.
You spent 11 gold pieces at shops.

Inventory:

Hand Weapons
 a - a +0 war axe (weapon)
Armour
 c - a +0 shield (worn)
 u - a +2 pair of gloves (worn)
 y - a cursed +0 cloak (worn)
 C - a +1 plate armour (worn)
Jewellery
 h - an amulet of rage (around neck)
 k - a ring of protection from fire (left hand)
 v - an uncursed ring of ice
Wands
 x - a wand of polymorph (2)
 E - a wand of digging (8)
Scrolls
 e - 3 scrolls of magic mapping
 g - 2 scrolls of amnesia {unknown}
 i - 2 scrolls of enchant armour
 j - 3 scrolls of teleportation {unknown}
 l - 4 scrolls of remove curse
 m - 3 scrolls of random uselessness {unknown}
 o - 3 scrolls of fear {unknown}
 p - 6 scrolls of identify
 D - 2 scrolls of immolation
 F - 3 scrolls of enchant weapon {unknown}
 G - a scroll of fog
Potions
 b - 2 potions of flight {unknown}
 q - 4 potions of haste {unknown}
 r - a potion of resistance {unknown}
 s - 6 potions of brilliance {unknown}
 t - 2 potions of cancellation {unknown}
 w - 7 potions of curing {unknown}
 z - 2 potions of ambrosia {unknown}
 A - a potion of mutation {unknown}
 B - 2 potions of heal wounds {unknown}
Comestibles
 f - 25 rations


   Skills:
 - Level 3.2(8.2) Fighting
 + Level 11.6(16.6) Axes
 - Level 3.2(8.2) Armour
 - Level 3.2(8.2) Shields
 - Level 10.0 Invocations


You had 9 spell levels left.
You didn't know any spells.
Your spell library contained the following spells:

 Spells                   Type           Power        Failure   Level  Hunger
 Confusing Touch          Hex            #.....       100%        1    ##.....
 Freeze                   Ice            #...         100%        1    ##.....
 Throw Frost              Conj/Ice       #.....       100%        2    ###....
 Confuse                  Hex            #.......     100%        3    ####...
 Gell's Gravitas          Tloc           #.........   100%        3    ####...
 Ozocubu's Armour         Chrm/Ice       #.......     100%        3    ####...
 Petrify                  Tmut/Erth      #.......     100%        4    #####..
 Summon Ice Beast         Ice/Summ       #.......     100%        4    #####..
 Throw Icicle             Conj/Ice       #.......     100%        4    #####..
 Metabolic Englaciation   Hex/Ice        #.........   100%        5    ######.
 Yara's Violent Unravell  Hex/Tmut       #.........   100%        5    ######.


Dungeon Overview and Level Annotations

Branches:
Dungeon (10/15)            Temple (1/1) D:4            Lair (0/6) D:8
    Orc: D:9-12

Altars:
Dithmenos
Fedhas
Gozag
Kikubaaqudgha
Makhleb
Okawaru
Qazlal
Sif Muna
Trog
Uskayaw
Xom
Zin
The Shining One

Shops:
D:5 !   D:7 [   D:8 [

Annotations:
D:1 exclusion: door
D:7 2 runed translucent doors, exclusion: orange crystal statue


Innate Abilities, Weirdness & Mutations

You are resistant to torment.
Your stone body is resilient. (AC +7)
You are immune to poison.
You resist negative energy. (rN+)
You are resistant to electric shocks. (rElec)
You can survive without breathing.
You are immune to petrification.
You are immune to rotting.


Message History

Something smites you!
* * * LOW HITPOINT WARNING * * *
The meliai hits you with a +0 broad axe.
* * * LOW HITPOINT WARNING * * *
The meliai barely misses you. The meliai hits you but does no damage.
The meliai stings you but does no damage.
You hit the meliai but do no damage.
The meliai is lightly wounded.
You miss the meliai. The meliai hits you but does no damage.
The meliai stings you but does no damage.
The meliai hits you but does no damage.
The meliai stings you but does no damage.
You feel very mighty all of a sudden. The meliai hits you but does no damage.
You block the meliai's attack.
The meliai hits you with a +0 broad axe!
* * * LOW HITPOINT WARNING * * *
The meliai closely misses you.
The meliai calls down the wrath of its god upon you.
Something smites you!
You die...

▒····▒ ▒···▒·▒ ▒·▒▒▒·▒······▒
▒····▒▒▒▒▒▒·▒▒·▒▒▒·······▒▒▒▒▒▒
▒····▒·············▒▒▒·▒·······
▒··················▒▒▒·▒···▒▒▒▒
▒▒▒▒▒▒·▒▒▒▒····▒·······▒▒··▒
▒····<▒ ▒·▒··▒·▒▒▒▒▒▒▒▒··▒
▒·▒▒▒·▒▒▒·▒··▒·▒······▒··▒
▒···▒···▒·▒··▒·▒·▒▒▒▒·▒··▒
▒▒▒▒▒▒▒·▒▒·▒▒·▒·@y·▒·▒▒▒▒····▒▒▒▒
····▒ ▒·▒▒·▒▒·▒▒y▒▒▒·▒···········
▒▒▒·▒ ▒·▒▒·▒▒·▒▒·▒▒▒·▒·▒▒▒·······
▒·▒▒▒·▒▒·▒▒·▒▒·······▒·········
▒·▒···▒▒·▒▒··········▒·▒·······
▒▒▒'▒·▒▒▒▒·▒▒▒·······▒▒▒·▒·······
···········▒ ▒·····<···▒·▒·······
·····▒▒▒▒▒▒▒ ▒·······▒▒▒·▒·······
·····▒ ▒···········▒·······


You could see 2 meliai.

Vanquished Creatures
  Pikel (D:8)
  9 yaks
  A human (D:7)
  A hungry ghost (D:9)
  4 hogs (D:7)
  2 porcupines (D:8)
  2 orc warriors (D:7)
  3 ice beasts
  3 ogres
  2 centaurs
  3 crocodiles (D:8)
  3 bullfrogs
  2 big kobolds
  A gnoll sergeant (D:8)
  4 scorpions
  2 crimson imps
  A centaur zombie (D:6)
  A bullfrog skeleton (D:4)
  6 hounds
  A jelly (D:5)
  4 orc wizards
  An orc priest (D:3)
  Crazy Yiuf (D:7)
  2 centaur skeletons
  4 iguanas
  3 worker ants
  A hound skeleton (D:2)
  13 gnolls
  A river rat (D:7)
  11 adders
  A shadow imp (D:7)
  2 oozes
  2 adder skeletons (D:4)
  An adder zombie (D:7)
  2 worms
  4 dart slugs
  10 leopard geckos
  28 orcs
  3 ball pythons
  5 bats
  2 giant cockroaches
  12 goblins
  12 hobgoblins
  12 jackals
  5 quokkas
  3 frilled lizards
  16 kobolds
  A quokka skeleton (D:4)
  7 rats
221 creatures vanquished.

Vanquished Creatures (others)
  A slave (D:8)
  A bullfrog (D:8)
  A scorpion (D:8)
  A hound skeleton (D:8)
  An adder (D:8)
  A white imp (D:8)
  2 goblin skeletons (D:8)
  4 hobgoblin zombies (D:8)
  A kobold skeleton (D:8)
  A kobold zombie (D:8)
  2 orc skeletons (D:8)
  An orc zombie (D:8)
  A bush (D:8)
  3 fungi (D:8)
  5 plants (D:8)
26 creatures vanquished.

Grand Total: 247 creatures vanquished

Notes
Turn   | Place    | Note
-------+----------+-------------------------------------------
     0 | D:1      | Azzok the Gargoyle Fighter began the quest for the Orb.
     0 | D:1      | Reached XP level 1. HP: 14/14 MP: 1/1
    14 | D:1      | Reached skill level 2 in Axes
   414 | D:1      | Reached XP level 2. HP: 14/19 MP: 2/2
   733 | D:1      | Reached skill level 3 in Axes
   759 | D:1      | Reached XP level 3. HP: 23/23 MP: 3/3
  1448 | D:2      | Reached XP level 4. HP: 27/28 MP: 4/4
  1559 | D:2      | Reached skill level 4 in Axes
  1997 | D:2      | Found a bloodstained altar of Trog.
  2265 | D:3      | Reached XP level 5. HP: 18/32 MP: 5/5
  2488 | D:3      | Found a shimmering altar of Xom.
  2489 | D:3      | Found a shimmering altar of Xom.
  2489 | D:3      | Found a shimmering altar of Xom.
  2490 | D:3      | Found a shimmering altar of Xom.
  2735 | D:3      | Reached skill level 5 in Axes
  2878 | D:3      | Found a shimmering altar of Xom.
  2878 | D:3      | Found a shimmering altar of Xom.
  2997 | D:3      | Reached XP level 6. HP: 32/37 MP: 6/6
  3540 | D:4      | Reached skill level 6 in Axes
  3594 | D:4      | Found a staircase to the Ecumenical Temple.
  3652 | Temple   | Entered the Ecumenical Temple
  3672 | Temple   | Became a worshipper of Warmaster Okawaru
  3782 | D:4      | Reached XP level 7. HP: 41/41 MP: 7/7
  3795 | D:4      | Reached skill level 1 in Invocations
  3998 | D:4      | Reached skill level 7 in Axes
  4285 | D:5      | Entered Level 5 of the Dungeon
  4483 | D:5      | Reached * piety under Okawaru
  4496 | D:5      | Reached XP level 8. HP: 4/46 MP: 9/11
  4836 | D:5      | Found Tena's Distillery.
  4847 | D:5      | Bought a potion of degeneration for 11 gold pieces
  5251 | D:6      | Reached skill level 8 in Axes
  5251 | D:6      | Reached skill level 5 in Invocations
  5713 | D:6      | Found a deep blue altar of Sif Muna.
  5713 | D:6      | Found a glowing silver altar of Zin.
  5718 | D:6      | Found a stormy altar of Qazlal.
  5720 | D:6      | Found a burning altar of Makhleb.
  5721 | D:6      | Found a blossoming altar of Fedhas.
  5953 | D:7      | Found the +10 large shield of Ignorance {rN+ Int-4}
  5958 | D:7      | Found a runed translucent door.
  5963 | D:7      | Noticed an orange crystal statue
  5979 | D:7      | Found a runed translucent door.
  6286 | D:7      | Reached ** piety under Okawaru
  6286 | D:7      | Reached XP level 9. HP: 51/51 MP: 13/13
  6310 | D:7      | Found a runed translucent door.
  6311 | D:7      | Noticed Crazy Yiuf
  6323 | D:7      | Killed Crazy Yiuf
  6389 | D:7      | Reached skill level 9 in Axes
  6955 | D:7      | Found Seympaq's Antique Armour Emporium.
  7062 | D:8      | Noticed Pikel
  7082 | D:8      | Killed Pikel
  7082 | D:8      | Reached *** piety under Okawaru
  7082 | D:8      | Reached skill level 10 in Axes
  7172 | D:8      | Reached XP level 10. HP: 50/56 MP: 13/16
  7506 | D:8      | Found a staircase to the Lair.
  7612 | D:8      | Reached skill level 10 in Invocations
  7634 | D:8      | Found Fyntido's Armour Shoppe.
  7707 | D:8      | Reached **** piety under Okawaru
  7920 | D:8      | Found a glowing golden altar of the Shining One.
  8367 | D:9      | Found an iron altar of Okawaru.
  8396 | D:9      | Reached skill level 11 in Axes
  9183 | D:10     | Entered Level 10 of the Dungeon
  9192 | D:9      | HP: 1/56 [meliai/+0 broad axe (7)]
  9192 | D:9      | Killed from afar by a meliai

Levels and vault maps discovered:
D:1:      dpeg_arrival_morbid_curiosity, layout_rooms
D:2:      layout_loops_corners, trog_butcher_becter
D:3:      layout_basic, xom_redecorated, first_ration
D:4:      layout_basic, minmay_temple_entry_wispy
D:5:      layout_rooms, serial_shops, shop_statue,
          hangedman_decor_clover_reticule
D:6:      layout_cave_pools, chequers_temple_overflow_minitemple
D:7:      layout_gridville, serial_shops, kennysheep_mini, grunt_livestock,
          chequers_guarded_unrand_ignorance, uniq_crazy_yiuf_cottage
D:8:      layout_loops_ring, minmay_lair_entry_grove, serial_glass,
          glass_columns_b, glass_columns_c, serial_shops, shop_statue,
          nicolae_tso_besieged_by_evil, uniq_pikel
D:9:      layout_basic, okawaru_trees_2
D:10:     layout_loops_ring, uniq_gastronok
Temple:   nicolae_temple_elliptical

Skill      XL: |  1  2  3  4  5  6  7  8  9 10 |
---------------+-------------------------------+-----
Axes           | 2 3 4 5 6 7 8 10 11 | 11.6
Invocations    | 4 6 9 10 | 10.0
Fighting       | |  3.2
Armour         | |  3.2
Shields        | |  3.2

Action                   |  1- 3 |  4- 6 |  7- 9 | 10-12 || total
-------------------------+-------+-------+-------+-------++-------
Melee: War axe           |   125 |   287 |   401 |   191 ||  1004
Invok: Heroism           |       |       |     3 |     2 ||     5
Evoke: Wand              |       |       |     4 |       ||     4
  Use: Scroll            |       |       |     6 |       ||     6
       Potion            |       |       |       |     1 ||     1
 Stab: Invisible         |       |       |     1 |       ||     1
  Eat: Chunk             |     2 |     8 |     8 |     8 ||    26
       Ration            |       |       |     1 |     3 ||     4
Armor: Scale mail        |    80 |   121 |    57 |       ||   258
       Plate armour      |       |       |   194 |   148 ||   342
Dodge: Dodged            |    48 |   106 |    65 |    28 ||   247
Block: Shield            |    74 |   136 |   192 |    83 ||   485

Table legend:
 A = Non-vault XP
 B = Vault XP
 C = Vault XP percentage of total XP
 D = Non-vault monster count
 E = Vault monster count
 F = Vault count percentage of total count
                 A         B        C        D         E       F
            +---------+---------+-------+---------+---------+-------
      Total |    4655 |    3310 |  41.6 |     194 |      27 |  12.2
            +---------+---------+-------+---------+---------+-------
        D:1 |      42 |       9 |  17.6 |      21 |       5 |  19.2
        D:2 |      97 |      10 |   9.3 |      31 |       4 |  11.4
        D:3 |     240 |       0 |   0.0 |      33 |       0 |   0.0
        D:4 |     596 |       0 |   0.0 |      30 |       0 |   0.0
        D:5 |     297 |       0 |   0.0 |       7 |       0 |   0.0
        D:6 |     761 |       0 |   0.0 |      19 |       0 |   0.0
        D:7 |     577 |     995 |  63.3 |      23 |       6 |  20.7
        D:8 |     551 |    2296 |  80.6 |      11 |      12 |  52.2
        D:9 |    1494 |       0 |   0.0 |      19 |       0 |   0.0
            +---------+---------+-------+---------+---------+-------
